 Dungeon Crawl Stone Soup version 0.26.1-11-gd32895ea62 (webtiles) character file.

Game seed: 9767936221307175434

12149 nothank2 the Martial Artist (level 11, -4/100 HPs)
             Began as a Gnoll Transmuter on June 24, 2021.
             Was a Priest of Sif Muna.
             Slain by Grum
             ... wielding a +1 glaive
              (31 damage)
             ... on level 1 of the Lair of Beasts.
             The game lasted 00:37:59 (16020 turns).

nothank2 the Martial Artist (Gnoll Transmuter)     Turns: 16020, Time: 00:38:00

Health: -4/100     AC:  7    Str: 13    XL:     11   Next: 88%
Magic:  19/23      EV: 15    Int: 19    God:    Sif Muna [***...]
Gold:   869        SH:  0    Dex: 15    Spells: 14/27 levels left

rFire    x . .     SeeInvis .     - Unarmed
rCold    + + +     Faith    .   (shield currently unavailable)
rNeg     + . .     Spirit   .   (armour currently unavailable)
rPois    +         Reflect  .   (helmet currently unavailable)
rElec    .         Harm     .   (cloak currently unavailable)
rCorr    .         Rampage  .   (gloves currently unavailable)
Will     .....                  (boots currently unavailable)
Stlth    +++.......             (no amulet)
HPRegen  0.26/turn              v - ring of positive energy
MPRegen  0.18/turn              e - ring of poison resistance

@: ice-form
A: large, distributed training, strong nose
a: End Transformation, Renounce Religion, Channel Magic, Forget Spell


You were on level 1 of the Lair of Beasts.
You worshipped Sif Muna.
Sif Muna was most pleased with you.
You were a creature of crystalline ice.
You visited 2 branches of the dungeon, and saw 12 of its levels.

You collected 869 gold pieces.

Inventory:

Hand Weapons
 f - a +0 short sword
 n - a +0 rapier
 B - a +5 demon blade of freezing (melded)
 D - the +2 mace of a Gauntlet {vorpal, Stlth+}
   (You took it off an orc warrior on level 5 of the Dungeon)

   It inflicts extra damage upon your enemies.
   It makes you more stealthy.
Armour
 a - a +0 robe
 g - a +0 pair of gloves (melded)
 p - a +0 buckler (melded)
 A - a +2 cloak of preservation (melded)
 C - a +0 hat (melded)
 E - the +8 plate armour of Lilacs {Str+5 Int-4 Dex+2}
   (You took it off an orc warrior on level 5 of the Dungeon)

   It affects your strength (+5).
   It affects your intelligence (-4).
   It affects your dexterity (+2).
 G - a +0 pair of boots (melded)
 I - a +2 robe of positive energy (melded)
Jewellery
 b - a +6 ring of dexterity
 e - a ring of poison resistance (right front paw)
 q - an uncursed ring of see invisible
 v - a ring of positive energy (left front paw)
 z - a cursed ring of teleportation {unknown}
 M - an uncursed ring of fire {unknown}
 P - an uncursed ring of protection from cold {unknown}
 S - an uncursed amulet of guardian spirit {unknown}
Wands
 m - a wand of polymorph (34)
 r - a wand of digging (9)
 y - a wand of paralysis (16)
 K - a wand of acid (17)
 L - a wand of enslavement (5)
Scrolls
 c - a scroll of blinking
 d - 17 scrolls of identify
 i - 2 scrolls of teleportation
 j - 5 scrolls of remove curse
 l - 3 scrolls of enchant weapon
 x - 3 scrolls of fear
 F - 3 scrolls of magic mapping
 H - 4 scrolls of amnesia
Potions
 h - 2 potions of brilliance
 k - a potion of haste
 o - a potion of magic
 s - 4 potions of lignification
 t - 2 potions of berserk rage
 u - a potion of attraction
 w - 6 potions of mutation
 J - 3 potions of heal wounds {unknown}
 N - a potion of invisibility
 O - a potion of might {unknown}
 Q - 3 potions of cancellation {unknown}
 R - a potion of ambrosia {unknown}
 T - a potion of flight {unknown}


   Skills:
 + Level 7.2 Fighting
 + Level 6.7 Short Blades
 + Level 6.7 Long Blades
 + Level 6.7 Axes
 + Level 6.7 Maces & Flails
 + Level 6.7 Polearms
 + Level 6.7 Staves
 + Level 6.7 Slings
 + Level 6.7 Bows
 + Level 6.7 Crossbows
 + Level 6.7 Throwing
 + Level 6.7 Armour
 + Level 8.2 Dodging
 + Level 6.7 Stealth
 + Level 6.7 Shields
 + Level 9.4 Unarmed Combat
 + Level 8.5 Spellcasting
 + Level 5.5 Conjurations
 + Level 5.5 Hexes
 + Level 5.5 Summonings
 + Level 5.5 Necromancy
 + Level 5.5 Translocations
 + Level 6.8 Transmutations
 + Level 5.5 Fire Magic
 + Level 5.5 Ice Magic
 + Level 5.5 Air Magic
 + Level 5.5 Earth Magic
 + Level 5.5 Poison Magic
 + Level 7.3 Invocations
 + Level 6.7 Evocations


You had 14 spell levels left.
You knew the following spells:

 Your Spells              Type           Power        Failure   Level
a - Beastly Appendage     Tmut           68%          1%          1
b - Spider Form           Tmut/Pois      15%          1%          3
c - Ice Form              Ice/Tmut       31%          7%          4
d - Blade Hands           Tmut           17%          14%         5

Your spell library contained the following spells:

 Spells                   Type           Power        Failure   Level
 Wereblood                Tmut           34%          1%          2


Dungeon Overview and Level Annotations

Branches:
Dungeon (11/15)            Temple (0/1) D:7            Lair (1/6) D:11
    Orc (0/2) D:10

Altars:
Cheibriados
Dithmenos
Elyvilon
Gozag
Kikubaaqudgha
Makhleb
Nemelex Xobeh
Okawaru
Qazlal
Sif Muna
Trog
Uskayaw
Wu Jian
Zin
The Shining One
Beogh

Shops:
D:3 *

Portals:
Trove: D:10 (give horn of Geryon)

Annotations:
D:4 1 runed translucent door
Lair:1 Grum


Innate Abilities, Weirdness & Mutations

Your experience applies equally to all skills.
((You have very sharp teeth.))
Your uncanny sense of smell can sniff out nearby items.


Message History

The wolf bites you but does no damage.
You are too injured to fight recklessly!
You are too injured to fight recklessly!
You pummel the wolf!! You freeze the wolf.
You kill the wolf!
Sif Muna accepts your kill. The wolf barely misses you.
Grum completely misses you. The wolf bites you but does no damage.
The wolf bites you.
You see here a wolf corpse.
You pummel Grum!! You freeze Grum.
Grum is heavily wounded.
The wolf bites you!
* * * LOW HITPOINT WARNING * * *
Grum growls.
Grum closely misses you.
You barely miss Grum.
Grum is heavily wounded.
The wolf bites you but does no damage. The wolf barely misses you.
Grum hits you with a +1 glaive!!
You die...

##
.........................#
..##P....(..............#
#####.###P###..#####..#
.####.##.# ### #(.# P.##
.........# #..# ..#
.........# #..# #.#
..######.# #..# #.#
#..######....
##...Yg..$..# ###.
#...h......# ....
#..#####.... ###. #...#
.## ##..# # #...∆ # #... #
#....


You could see Grum and a wolf.

Vanquished Creatures
  2 two-headed ogres
  The ghost of bnorton916 the Shield-Bearer, a novice FoFi of Okawaru (D:6)
  A deep elf mage (D:8)
  2 cyclopes
  4 trolls
  A hornet (D:9)
  The ghost of oc3rt the Bolt Thrower, an amateur KoHu (D:4)
  A shadow (D:11)
  A vampire (D:10)
  3 wyverns
  A wraith (D:10)
  A basilisk (D:11)
  Eustachio (D:5)
  A steam dragon (D:11)
  The ghost of oc3rt the Bolt Thrower, an amateur KoHu (D:4)
  2 water moccasins
  A warg (D:10)
  8 orc warriors
  A sky beast (D:10)
  An eye of draining (D:11)
  A black bear (D:8)
  2 necrophages
  3 ice beasts
  4 ogres
  6 phantoms
  8 wolves (Lair:1)
  11 centaurs
  A big kobold (D:7)
  5 bullfrogs
  A gnoll sergeant (D:5)
  4 scorpions
  A water moccasin skeleton (D:5)
  3 killer bees (D:10)
  A howler monkey (D:4)
  A quasit (D:11)
  A bullfrog skeleton (D:4)
  A bullfrog zombie (D:4)
  7 orc wizards
  5 hounds
  Crazy Yiuf (D:5)
  6 orc priests
  5 jellies
  Terence (D:2)
  2 iguanas
  12 worker ants
  2 hound zombies
  2 hound skeletons
  A howler monkey zombie (D:6)
  2 worker ant zombies
  8 gnolls
  18 adders
  A river rat (D:4)
  2 shadow imps
  3 white imps
  An ufetubus (D:6)
  3 oozes
  3 adder skeletons
  A worm (D:3)
  2 dart slugs
  4 leopard geckos
  38 orcs
  4 giant cockroaches
  6 goblins
  5 hobgoblins
  8 jackals
  10 kobolds
  6 quokkas
  7 bats
  5 frilled lizards
  2 leopard gecko skeletons
  A leopard gecko zombie (D:8)
  A quokka skeleton (D:7)
  A quokka zombie (D:3)
  5 rats
280 creatures vanquished.

Vanquished Creatures (others)
  A fungus (D:5)
  13 plants
14 creatures vanquished.

Grand Total: 294 creatures vanquished

Notes
Turn   | Place    | Note
-------+----------+-------------------------------------------
     0 | D:1      | nothank2 the Gnoll Transmuter began the quest for the Orb.
     0 | D:1      | Reached XP level 1. HP: 17/17 MP: 6/6
   140 | D:1      | Reached XP level 2. HP: 23/23 MP: 5/7
   839 | D:2      | Reached skill level 5 in Spellcasting
   839 | D:2      | Reached XP level 3. HP: 20/28 MP: 6/9
  1054 | D:2      | Noticed Terence
  1069 | D:2      | Reached skill level 1 in Invocations
  1080 | D:2      | Reached skill level 1 in Short Blades
  1080 | D:2      | Reached skill level 1 in Long Blades
  1080 | D:2      | Reached skill level 1 in Axes
  1080 | D:2      | Reached skill level 1 in Maces & Flails
  1080 | D:2      | Reached skill level 1 in Polearms
  1080 | D:2      | Reached skill level 1 in Staves
  1080 | D:2      | Reached skill level 1 in Slings
  1080 | D:2      | Reached skill level 1 in Bows
  1080 | D:2      | Reached skill level 1 in Crossbows
  1080 | D:2      | Reached skill level 1 in Throwing
  1080 | D:2      | Reached skill level 1 in Armour
  1080 | D:2      | Reached skill level 1 in Stealth
  1080 | D:2      | Reached skill level 1 in Shields
  1080 | D:2      | Reached skill level 1 in Evocations
  1247 | D:2      | Reached XP level 4. HP: 22/34 MP: 9/11
  1259 | D:2      | Killed Terence
  1424 | D:2      | Reached skill level 1 in Conjurations
  1424 | D:2      | Reached skill level 1 in Hexes
  1424 | D:2      | Reached skill level 1 in Summonings
  1424 | D:2      | Reached skill level 1 in Necromancy
  1424 | D:2      | Reached skill level 1 in Translocations
  1424 | D:2      | Reached skill level 1 in Fire Magic
  1424 | D:2      | Reached skill level 1 in Ice Magic
  1424 | D:2      | Reached skill level 1 in Air Magic
  1424 | D:2      | Reached skill level 1 in Earth Magic
  1424 | D:2      | Reached skill level 1 in Poison Magic
  1428 | D:2      | Learned a level 3 spell: Spider Form
  1480 | D:2      | Found a snail-covered altar of Cheibriados.
  2343 | D:3      | Reached XP level 5. HP: 31/40 MP: 12/12
  2916 | D:3      | Found Zin's Purification Station.
  2919 | D:3      | Found a glowing silver altar of Zin.
  2924 | D:3      | Found a faded altar of an unknown god.
  3263 | D:3      | Found an iron altar of Okawaru.
  3401 | D:4      | Found a runed translucent door.
  3404 | D:4      | Noticed oc3rt's ghost (amateur KoHu)
  3516 | D:4      | Reached XP level 6. HP: 44/47 MP: 9/13
  3527 | D:4      | Reached skill level 5 in Dodging
  3630 | D:4      | Killed oc3rt's ghost
  3631 | D:4      | Reached XP level 7. HP: 27/52 MP: 12/15
  3639 | D:4      | Reached skill level 7 in Unarmed Combat
  3645 | D:4      | Found a runed translucent door.
  4016 | D:4      | Found a shadowy altar of Dithmenos.
  4035 | D:4      | Found a shimmering blue altar of Sif Muna.
  4041 | D:4      | Found a white marble altar of Elyvilon.
  4044 | D:4      | Became a worshipper of Sif Muna the Loreminder
  4311 | D:5      | Entered Level 5 of the Dungeon
  4898 | D:5      | Reached XP level 8. HP: 60/60 MP: 13/16
  4951 | D:5      | Noticed Eustachio
  4962 | D:5      | Killed Eustachio
  4976 | D:5      | Found a runed translucent gate.
  4976 | D:5      | Identified the +3 chain mail of Action {Rampage rF- rCorr}
  5057 | D:5      | Found a runed translucent gate.
  5057 | D:5      | Found a runed translucent gate.
  5378 | D:5      | Identified the cursed +2 mace of a Gauntlet {vorpal,
                  | Stlth+}
  5378 | D:5      | Identified the +8 plate armour of Lilacs {Str+5 Int-4
                  | Dex+2}
  5380 | D:5      | Noticed oc3rt's ghost (amateur KoHu)
  5388 | D:5      | Found a roughly hewn altar of Beogh.
  5651 | D:5      | Found a runed translucent door.
  5652 | D:5      | Noticed Crazy Yiuf
  5660 | D:5      | Killed Crazy Yiuf
  6067 | D:4      | Killed oc3rt's ghost
  6408 | D:6      | Reached skill level 5 in Transmutations
  6408 | D:6      | Reached XP level 9. HP: 59/66 MP: 18/18
  6486 | D:6      | Reached * piety under Sif Muna
  6843 | D:6      | Found a runed translucent door.
  6847 | D:6      | Noticed bnorton916's ghost (novice FoFi)
  6854 | D:6      | Learned a level 4 spell: Ice Form
  6906 | D:6      | Killed bnorton916's ghost
  6907 | D:6      | Reached skill level 5 in Fighting
  7426 | D:6      | Reached skill level 8 in Unarmed Combat
  7647 | D:6      | Reached skill level 5 in Invocations
  8138 | D:6      | Found a sparkling altar of Nemelex Xobeh.
  8138 | D:6      | Found a hide-covered altar of Uskayaw.
  8620 | D:7      | Reached ** piety under Sif Muna
  9199 | D:7      | Reached XP level 10. HP: 74/74 MP: 20/20
  9203 | D:7      | Found a stormy altar of Qazlal.
  9211 | D:7      | Found a burning altar of Makhleb.
  9216 | D:7      | Found a bloodstained altar of Trog.
  9223 | D:7      | Found a glowing golden altar of the Shining One.
  9228 | D:7      | Found an opulent altar of Gozag.
  9235 | D:7      | Found an ornate altar of the Wu Jian Council.
  9240 | D:7      | Found an ancient bone altar of Kikubaaqudgha.
  9363 | D:7      | Found a staircase to the Ecumenical Temple.
  9831 | D:8      | Reached skill level 5 in Short Blades
  9831 | D:8      | Reached skill level 5 in Long Blades
  9831 | D:8      | Reached skill level 5 in Axes
  9831 | D:8      | Reached skill level 5 in Maces & Flails
  9831 | D:8      | Reached skill level 5 in Polearms
  9831 | D:8      | Reached skill level 5 in Staves
  9831 | D:8      | Reached skill level 5 in Slings
  9831 | D:8      | Reached skill level 5 in Bows
  9831 | D:8      | Reached skill level 5 in Crossbows
  9831 | D:8      | Reached skill level 5 in Throwing
  9831 | D:8      | Reached skill level 5 in Armour
  9831 | D:8      | Reached skill level 5 in Stealth
  9831 | D:8      | Reached skill level 5 in Shields
  9831 | D:8      | Reached skill level 5 in Evocations
 10307 | D:8      | Noticed a deep elf mage
 10324 | D:8      | Killed a deep elf mage
 10836 | D:8      | Noticed a two-headed ogre
 10840 | D:8      | Killed a two-headed ogre
 11769 | D:9      | Paralysed by a hornet for 2 turns
 12144 | D:9      | Learned a level 5 spell: Blade Hands
 12279 | D:9      | Reached XP level 11. HP: 83/83 MP: 18/22
 12428 | D:10     | Entered Level 10 of the Dungeon
 12439 | D:10     | Reached *** piety under Sif Muna
 12487 | D:10     | Noticed a cyclops
 12497 | D:10     | Killed a cyclops
 12498 | D:10     | Reached skill level 9 in Unarmed Combat
 12690 | D:10     | Reached skill level 5 in Conjurations
 12690 | D:10     | Reached skill level 5 in Hexes
 12690 | D:10     | Reached skill level 5 in Summonings
 12690 | D:10     | Reached skill level 5 in Necromancy
 12690 | D:10     | Reached skill level 5 in Translocations
 12690 | D:10     | Reached skill level 5 in Fire Magic
 12690 | D:10     | Reached skill level 5 in Ice Magic
 12690 | D:10     | Reached skill level 5 in Air Magic
 12690 | D:10     | Reached skill level 5 in Earth Magic
 12690 | D:10     | Reached skill level 5 in Poison Magic
 13020 | D:10     | Found a staircase to the Orcish Mines.
 13282 | D:10     | HP: 2/99 [orc warrior/+0 halberd (6)]
 14190 | D:10     | Found a portal to a secret trove of treasure.
 14545 | D:11     | Noticed a cyclops
 14554 | D:11     | Killed a cyclops
 14854 | D:11     | Found a staircase to the Lair.
 15443 | D:11     | Noticed a two-headed ogre
 15448 | D:11     | Killed a two-headed ogre
 15601 | Lair:1   | Entered Level 1 of the Lair of Beasts
 16006 | Lair:1   | Noticed Grum
 16020 | Lair:1   | Slain by Grum

Illustrated notes

Levels and vault maps discovered:
D:1:      dpeg_arrival_snail, layout_basic, chequers_avenue,
          minmay_tiny_reverse_x
D:2:      layout_basic, cheibriados_altar_1, uniq_terence
D:3:      layout_loops_ring, overflow_temple_1_default, zin_purify,
          chequers_ecumenical_altar_island, serial_forest,
          infiniplex_forest_lined_ring, infiniplex_forest_lined_3,
          infiniplex_forest_lined_room_2, infiniplex_forest_3_way,
          infiniplex_forest_lined_2
D:4:      layout_rooms, minitemple, ebering_ghost_sewer_f, serial_forest,
          infiniplex_forest_straight_2, infiniplex_forest_clump_small,
          infiniplex_forest_clump_small, infiniplex_forest_clump_cross
D:5:      layout_basic, biasface_ghost_orc_armoury, minmay_misc_feat_pillars,
          uniq_crazy_yiuf_cottage, uniq_eustachio
D:6:      layout_basic, gammafunk_temple_overflow_elements,
          ebering_ghost_reflecting_pool
D:7:      layout_basic, grunt_temple_overflow_octagram,
          minmay_temple_entry_enclosed_plants
D:8:      layout_gridville, sigmund_army
D:9:      layout_basic
D:10:     layout_gridville, david_orc_1_choice, enter_trove_3
D:11:     layout_irregular_city, erik_lair_dragon, st_stairs_1,
          mrwooster_statue_mirror
Lair:1:   layout_small_grid, serial_bayou_shore_b, serial_bayou_shore_b,
          grunt_megastairs_5, uniq_grum

Skill      XL: |  1  2  3  4  5  6  7  8  9 10 11 |
---------------+----------------------------------+-----
Spellcasting   | 5 6 7 8 |  8.5
Invocations    | 1 2 3 4 5 6 7 |  7.3
Short Blades   | 1 2 3 4 5 6 |  6.7
Long Blades    | 1 2 3 4 5 6 |  6.7
Axes           | 1 2 3 4 5 6 |  6.7
Maces & Flails | 1 2 3 4 5 6 |  6.7
Polearms       | 1 2 3 4 5 6 |  6.7
Staves         | 1 2 3 4 5 6 |  6.7
Slings         | 1 2 3 4 5 6 |  6.7
Bows           | 1 2 3 4 5 6 |  6.7
Crossbows      | 1 2 3 4 5 6 |  6.7
Throwing       | 1 2 3 4 5 6 |  6.7
Armour         | 1 2 3 4 5 6 |  6.7
Stealth        | 1 2 3 4 5 6 |  6.7
Shields        | 1 2 3 4 5 6 |  6.7
Evocations     | 1 2 3 4 5 6 |  6.7
Conjurations   | 1 2 3 4 5 |  5.5
Hexes          | 1 2 3 4 5 |  5.5
Summonings     | 1 2 3 4 5 |  5.5
Necromancy     | 1 2 3 4 5 |  5.5
Translocations | 1 2 3 4 5 |  5.5
Fire Magic     | 1 2 3 4 5 |  5.5
Ice Magic      | 1 2 3 4 5 |  5.5
Air Magic      | 1 2 3 4 5 |  5.5
Earth Magic    | 1 2 3 4 5 |  5.5
Poison Magic   | 1 2 3 4 5 |  5.5
Fighting       | 3 4 5 6 7 |  7.2
Transmutations | 4 5 6 |  6.8
Dodging        | 5 6 7 8 |  8.2
Unarmed Combat | 7 8 9 |  9.4

Action                   |  1- 3 |  4- 6 |  7- 9 | 10-12 || total
-------------------------+-------+-------+-------+-------++-------
Melee: Unarmed           |    19 |    29 |   200 |   342 ||   590
       Kick              |    16 |    32 |    19 |       ||    67
       Headbutt          |     5 |    17 |     9 |       ||    31
       Short sword       |    24 |    96 |       |       ||   120
       Bite              |     4 |    13 |    21 |    12 ||    50
       Punch             |     2 |     4 |     8 |       ||    14
       Rapier            |       |    22 |   104 |       ||   126
       Demon blade       |       |       |    48 |    56 ||   104
 Cast: Beastly Appendage |    12 |    21 |     7 |       ||    40
       Spider Form       |       |     2 |    28 |     6 ||    36
       Ice Form          |       |       |       |    31 ||    31
       Blade Hands       |       |       |       |     1 ||     1
  Use: Scroll            |       |       |    16 |     5 ||    21
       Potion            |       |       |       |     1 ||     1
 Stab: Sleeping          |     1 |     8 |    11 |    10 ||    30
       Distracted        |       |       |       |     2 ||     2
Armor: Robe              |     3 |     9 |    23 |    12 ||    47
       Skin              |       |     1 |     2 |    53 ||    56
Dodge: Dodged            |    39 |   102 |   298 |   335 ||   774
Block: Buckler           |       |       |    10 |    15 ||    25
       Rpst.: Demon blade |       |       |     9 |    10 ||    19
